 Dungeon Crawl Stone Soup version 0.25-a0-815-gab441bd002 (webtiles) character file.

Game seed: 12508336730031913984, levelgen mode: deterministic

59 Maedhros the Charlatan (level 4, -2/28 HPs)
             Began as an Octopode Artificer on Apr 20, 2020.
             Slain by an orc wizard
             ... wielding a +0 mace
              (11 damage)
             ... on level 3 of the Dungeon.
             The game lasted 00:01:12 (1185 turns).

Maedhros the Charlatan (Octopode Artificer)         Turns: 1185, Time: 00:01:13

Health: -2/28      AC:  1    Str: 11    XL:     4   Next: 3%
Magic:  6/6        EV: 13    Int: 13    God:
Gold:   44         SH:  0    Dex: 13    Spells: 3/3 levels left

rFire    . . .     SeeInvis .   a - +0 short sword
rCold    . . .     Gourm    .   (no shield)
rNeg     . . .     Faith    .   (helmet restricted)
rPois    .         Spirit   .   (no amulet)
rElec    .         Reflect  .   (no ring)
rCorr    .         Harm     .   (no ring)
MR       .....                  (no ring)
Stlth    ++........             (no ring)
HPRegen  0.09/turn              (no ring)
MPRegen  0.10/turn              (no ring)
                                (no ring)
                                (no ring)

@: confused
A: almost no armour, stealthy swim, amphibious, 8 rings, constrict 8, camouflage
1, gelatinous body 1
a: no special abilities


You were on level 3 of the Dungeon.
You were hungry.

You visited 1 branch of the dungeon, and saw 3 of its levels.

You collected 44 gold pieces.

Inventory:

Hand Weapons
 a - a +0 short sword (weapon)
Wands
 b - a wand of flame (15)
 c - a wand of enslavement (11)
 d - a wand of random effects (12)
 g - a wand of disintegration (14)
Scrolls
 e - a scroll of teleportation {unknown}
 h - a scroll of blinking {unknown}
 i - a scroll of identify {unknown}
Comestibles
 f - 2 rations


   Skills:
 - Level 1.0 Fighting
 - Level 1.0 Short Blades
 - Level 2.0 Dodging
 + Level 2.8 Stealth
 * Level 2.4 Unarmed Combat
 + Level 3.8 Evocations


You had 3 spell levels left.
You didn't know any spells.
Your spell library was empty.

Dungeon Overview and Level Annotations

Branches:
Dungeon (3/15)

Altars:


Innate Abilities, Weirdness & Mutations

You cannot wear most types of armour.
You are very stealthy in the water. (Stealth+)
You are amphibious.
You can wear up to eight rings at the same time.
You can use your tentacles to constrict eight enemies at once.
Your skin changes colour to match your surroundings (Stealth+).
Your rubbery body absorbs attacks. (AC +1, EV +1)


Message History

Evoke which item? (* to show all) (? for menu, Esc to quit)
Aiming: Random Effects
Press: ? - help, Shift-Dir - straight line, f - you Evoke which item? (* to show all) (? for menu, Esc to quit)
Aiming: Random Effects
Press: ? - help, Shift-Dir - straight line, f - you Nothing appears to happen.
You miss something. Something barely misses you.
You miss something. You squeeze something. Something barely misses you.
You hear some strange, mumbled words.
You are confused.
You bump into the rock wall.
Something hits you.
You completely miss something. Your squeeze misses something.
Something hits you.
You bump into the rock wall.
You hear some strange, mumbled words.
A magic dart appears from out of thin air!
The magic dart hits you. Something hits you!
You barely miss something. Something hits you!
You die...

....## #..#
.o..## #..#
....# #.##
##r##
###+#####.#
..........#
#.####.###
#...#
.###.#######.#
......{@.# #.#
.#######.# #.#
#.# #.#
#.###.#
#.....#
#######


There were no monsters in sight!

Vanquished Creatures
  An adder (D:3)
  A worm (D:2)
  2 orcs (D:3)
  A ball python (D:3)
  2 giant cockroaches
  6 goblins
  2 hobgoblins
  A jackal (D:3)
  2 quokkas (D:3)
  2 bats
  A frilled lizard (D:2)
  3 kobolds
  6 rats
30 creatures vanquished.

Vanquished Creatures (collateral kills)
  An orc wizard (D:3)
1 creature vanquished.

Vanquished Creatures (others)
  An orc wizard (D:3)
  An orc priest (D:3)
  An orc (D:3)
3 creatures vanquished.

Grand Total: 34 creatures vanquished

Notes
Turn   | Place    | Note
-------+----------+-------------------------------------------
     0 | D:1      | Maedhros the Octopode Artificer began the quest for the
                  | Orb.
     0 | D:1      | Reached XP level 1. HP: 13/13 MP: 3/3
   115 | D:2      | Reached skill level 1 in Unarmed Combat
   115 | D:2      | Reached XP level 2. HP: 4/18 MP: 4/4
   674 | D:3      | Reached XP level 3. HP: 21/23 MP: 5/5
   768 | D:3      | Reached XP level 4. HP: 19/28 MP: 6/6
  1185 | D:3      | Slain by an orc wizard

Levels and vault maps discovered:
D:1:      heliophobic_arrival_enchanted_forest, layout_loops_corners
D:2:      layout_basic, chequers_temple_overflow_minitemple
D:3:      layout_loops_cross, minmay_quadrilaterals, uniq_crazy_yiuf_cottage

Skill      XL: |  1  2  3 |
---------------+----------+-----
Unarmed Combat | 1 2 |  2.4
Stealth        | 2 |  2.8
Fighting       | |  1.0
Short Blades   | |  1.0
Dodging        | |  2.0
Evocations     | |  3.8

Action                   |  1- 3 |  4- 6 || total
-------------------------+-------+-------++-------
Melee: Short sword       |    53 |     8 ||    61
       Constrict         |    10 |     2 ||    12
       Tentacles         |    10 |     2 ||    12
       Punch             |     1 |       ||     1
Evoke: Wand              |     2 |     5 ||     7
 Stab: Sleeping          |    12 |       ||    12
Armor: Skin              |     3 |       ||     3
Dodge: Dodged            |    27 |     4 ||    31

Table legend:
 A = Non-vault XP
 B = Vault XP
 C = Vault XP percentage of total XP
 D = Non-vault monster count
 E = Vault monster count
 F = Vault count percentage of total count
                 A         B        C        D         E       F
            +---------+---------+-------+---------+---------+-------
      Total |      69 |      16 |  18.8 |      28 |       3 |   9.7
            +---------+---------+-------+---------+---------+-------
        D:1 |       5 |       0 |   0.0 |       3 |       0 |   0.0
        D:2 |      17 |       0 |   0.0 |       9 |       0 |   0.0
        D:3 |      47 |      16 |  25.4 |      16 |       3 |  15.8
            +---------+---------+-------+---------+---------+-------
